 Dungeon Crawl Stone Soup version 0.31.0-11-ge490571c62 (webtiles) character file.

Game seed: 179315173011380568

100 Flugkiller the Chiller (level 4, -4/21 HPs)
             Began as a Vine Stalker Ice Elementalist on Feb 2, 2024.
             Killed by divine providence
             ... invoked by an orc priest
              (9 damage)
             ... on level 4 of the Dungeon.
             The game lasted 00:02:14 (444 turns).

Flugkiller the Chiller (VSIE)                        Turns: 444, Time: 00:02:15

Health: -4/21      AC:  2    Str: 11    XL:     4   Next: 73%
Magic:  0/10       EV: 12    Int: 17    God:
Gold:   72         SH:  0    Dex: 14    Spells: 3/10 levels left

rFire   . . .        b - +3 whip (distort)
rCold   . . .        (no shield)
rNeg    . . .        a - +0 robe
rPois   .            (no helmet)
rElec   .            (no cloak)
rCorr   .            (no gloves)
SInv    .            (no boots)
Will    .....        (no amulet)
Stlth   ++           (no ring)
HPRegen 1.03/turn    (no ring)
MPRegen 0.12/turn

%: guardian spirit
@: no status effects
A: fangs 2, regeneration 1, magic shield, antimagic bite, no potion heal 2
a: no special abilities


You were on level 4 of the Dungeon.
You visited 1 branch of the dungeon, and saw 4 of its levels.

You collected 72 gold pieces.

Inventory:

Hand Weapons
 b - a +3 whip of distortion (weapon)
   (You took it off a kobold on level 2 of the Dungeon)
 e - a +0 dagger
   (You took it off a goblin on level 2 of the Dungeon)
Armour
 a - a +0 robe (worn)
 h - a +0 pair of boots
   (You found it on level 3 of the Dungeon)
Scrolls
 d - 2 scrolls of vulnerability {unknown}
 f - a scroll of identify {unknown}
Potions
 c - a potion of lignification {unknown}
 g - a potion of brilliance {unknown}


   Skills:
 - Level 1.5 Dodging
 - Level 2.4 Stealth
 + Level 3.7 Spellcasting
 + Level 5.0 Ice Magic


You had 3 spell levels left.
You knew the following spells:

 Your Spells              Type           Power      Damage    Failure   Level
a - Freeze                Ice            80%        1d9       1%          1
b - Frozen Ramparts       Ice            40%        1d7       6%          3
c - Ozocubu's Armour      Ice            20%        N/A       6%          3

Your spell library contained the following spells:

 Spells                   Type           Power      Damage    Failure   Level
 Summon Ice Beast         Ice/Summ       11%        N/A       17%         3
 Summon Blazeheart Golem  Fire/Summ      3%         N/A       85%         4
 Orb of Destruction       Conj           1%         9d5       100%        7
 Spellforged Servitor     Conj/Summ      1%         N/A       100%        7


Dungeon Overview and Level Annotations

Branches:
Dungeon (4/15) Zot: 23555  Temple (0/1) D:4

Altars:


Innate Abilities, Weirdness & Mutations

You have extremely sharp teeth.
Your natural rate of healing is unusually fast.
When hurt, damage is shared between your health and your magic reserves.
Your bite disrupts and absorbs the magic of your enemies.
Potions cannot restore your health.


Message History

The wall freezes the sleepcap but does no damage.
The sleepcap releases spores at you but does no damage.
Casting: Frozen Ramparts (extremely dangerous; 8% risk of failure)
Confirm with . or Enter, or press ? or * to list all spells.
Aiming: Freeze (safe; 2% risk of failure)
Press: ? - help, Shift-Dir - straight line, f - sleepcap
Aim: a sleepcap (almost destroyed)
You freeze the sleepcap.
You destroy the sleepcap!
You have reached level 4!
You feel stronger.
Your icy armour cracks and falls away as you move.
The frozen ramparts melt away as you move.
Found a staircase to the Ecumenical Temple.
A giant cockroach comes into view.
The giant cockroach waves its antennae.
You now have 72 gold pieces (gained 11).
There are no items here.
You whack the giant cockroach!
You kill the giant cockroach!
You see here a giant cockroach corpse.
An orc comes into view. It is wielding a +0 club.
Found a stone staircase leading up.
The orc shouts!
A jackal comes into view.
A jackal comes into view.
The jackal barks!
You hear a shout! x2
An orc comes into view. It is wielding a +0 hand axe.
Casting: Freeze (safe; 2% risk of failure)
Confirm with . or Enter, or press ? or * to list all spells.
The walls around you are covered in ice.
The wall freezes the jackal. x2
You kill the jackal!
Unknown command.
The wall freezes the orc.
The wall freezes the orc.
You kill the orc!
The frozen ramparts melt away as you move.
An orc wizard comes into view. It is wielding a +0 dagger.
Casting: Frozen Ramparts (quite dangerous; 7% risk of failure)
Confirm with . or Enter, or press ? or * to list all spells.
The walls around you are covered in ice.
The wall freezes the orc.
An orc priest comes into view. It is wielding a +0 short sword.
The orc priest shouts!
You hit the orc.
Space warps around the orc!
You kill the orc!
Unknown command.
The orc wizard casts a spell at you. The puff of flame hits you!
Unknown command.
The wall freezes the orc wizard.
The orc wizard points at you and mumbles some strange words.
The magic dart hits you.
The wall freezes the orc wizard.
Unknown command.
You miss the orc wizard.
The orc wizard is heavily wounded.
The frozen ramparts melt away.
The orc wizard hits you with a +0 dagger.
An orc comes into view. It is wielding a +0 trident.
The orc shouts!
You hit the orc wizard.
Space warps horribly around the orc wizard!
You kill the orc wizard!
Your Ice Magic skill increases to level 5!
Unknown command.
Casting: Frozen Ramparts (quite dangerous; 6% risk of failure)
Confirm with . or Enter, or press ? or * to list all spells.
Aiming: Freeze (safe; 1% risk of failure)
Press: ? - help, Shift-Dir - straight line, f - orc priest
Aim: an orc priest, wielding a +0 short sword You freeze the orc priest.
The orc priest is lightly wounded.
The jackal barks!
The orc priest hits you with a +0 short sword.
You closely miss the orc priest.
The orc priest is lightly wounded.
The orc priest hits you with a +0 short sword.
* * * LOW HITPOINT WARNING * * *
Okay, then.
You barely miss the orc priest.
The orc priest is lightly wounded.
The orc priest hits you with a +0 short sword.
* * * LOW HITPOINT WARNING * * *
Unknown command.
You barely miss the orc priest. Your bite misses the orc priest.
The orc priest is lightly wounded.
The orc priest barely misses you.
Unknown command.
You barely miss the orc priest.
The orc priest is lightly wounded.
The orc priest closely misses you.
Unknown command.
You hit the orc priest.
Space warps horribly around the orc priest!
The orc priest is almost dead.
The orc priest mumbles some strange prayers to Beogh against you.
Beogh smites you!
You die...

#.. #.# #o## # #+ #..##. #.
#.... #. #..# ...###.###o.#
#.<....@oh.####.#
###...###.......#
###.####..####### #..
................ # #.#
##.#####..####### .# #.#
#..# #...........#
#.#######..#####†######...##
#.##.................<......
#.##.####...####.####.#.#..#


You could see an orc priest, an orc and a jackal.

Vanquished Creatures
  A sleepcap (D:4)
  An orc wizard (D:4)
  3 adders (D:2)
  A dart slug (D:3)
  A ribbon worm (D:3)
  2 orcs (D:4)
  2 endoplasms (D:2)
  A giant cockroach (D:4)
  A hobgoblin (D:3)
  A jackal (D:4)
  A kobold (D:2)
  2 goblins
  A rat (D:3)
18 creatures vanquished.

Notes
Turn   | Place    | Note
-------+----------+-------------------------------------------
     0 | D:1      | Flugkiller the Vine Stalker Ice Elementalist began the
                  | quest for the Orb.
     0 | D:1      | Reached XP level 1. HP: 9/9 MP: 4/4
    59 | D:2      | Reached XP level 2. HP: 10/13 MP: 0/6
   132 | D:3      | Reached XP level 3. HP: 16/16 MP: 2/8
   268 | D:4      | Learned a level 3 spell: Frozen Ramparts
   272 | D:4      | Learned a level 3 spell: Ozocubu's Armour
   352 | D:4      | Reached XP level 4. HP: 21/21 MP: 3/10
   370 | D:4      | Found a staircase to the Ecumenical Temple.
   439 | D:4      | Reached skill level 5 in Ice Magic
   444 | D:4      | Killed from afar by an orc priest

Illustrated notes

Levels and vault maps discovered:
D:1:      ebering_trefoil_3fold, layout_basic, hex_medium
D:2:      layout_loops_cross, minmay_fractal_squares_gapless_5
D:3:      layout_basic, hellmonk_ecumenical_altar_blasted, serial_bayou_lake_a
D:4:      layout_basic, nicolae_overflow_hallway_of_the_gods,
          minmay_temple_entry_from_below_b

Skill      XL: |  1  2  3  4 |
---------------+-------------+-----
Spellcasting   | 3 |  3.7
Ice Magic      | 5 |  5.0
Dodging        | |  1.5
Stealth        | |  2.4

Action                     |  1- 3 |  4- 6 || total
---------------------------+-------+-------++-------
  Melee: Unarmed           |     9 |       ||     9
         Bite              |     7 |       ||     7
         Dagger            |     4 |       ||     4
         Whip              |     9 |     9 ||    18
         Punch             |     1 |       ||     1
   Cast: Freeze            |    20 |     1 ||    21
         Frozen Ramparts   |     1 |     2 ||     3
         Ozocubu's Armour  |     1 |       ||     1
    Use: Potion            |     1 |       ||     1
 Armour: Robe              |    21 |     6 ||    27
  Dodge: Dodged            |    19 |     2 ||    21
